 Dungeon Crawl Stone Soup version 0.31-a0-986-g5e6e4ef867 (webtiles) character file.

Game seed: 16501281806789429811

60 lunkers the Cudgeller (level 4, 0/38 HPs)
             Began as a Meteoran Fighter on Nov 9, 2023.
             Succumbed to a goblin's poison
             ... on level 2 of the Dungeon.
             The game lasted 00:01:39 (512 turns).

lunkers the Cudgeller (Meteoran Fighter)             Turns: 512, Time: 00:01:39

Health: 0/38       AC:  8    Str: 18    XL:     4   Next: 50%
Magic:  2/5        EV:  9    Int:  9    God:
Gold:   35         SH:  5    Dex: 15    Spells: 3/3 levels left

rFire   . . .        a - +0 flail
rCold   . . .        c - +0 buckler
rNeg    . . .        b - +0 scale mail
rPois   .            e - +0 helmet
rElec   .            (no cloak)
rCorr   .            (no gloves)
SInv    .            (no boots)
Will    .....        (no amulet) Stlth
                     (no ring)
HPRegen 0.26/turn    (no ring)
MPRegen 0.09/turn

%: no passive effects
@: mighty, lethally poisoned (0 -> -3), glowing
A: sense surroundings 1, otherworldly, glowing, explore regen
a: no special abilities


You were on level 2 of the Dungeon.
You visited 1 branch of the dungeon, and saw 2 of its levels.

You collected 35 gold pieces.

Inventory:

Hand Weapons
 a - a +0 flail (weapon)
Armour
 b - a +0 scale mail (worn)
 c - a +0 buckler (worn)
 e - a +0 helmet (worn)


   Skills:
 - Level 3.2 Fighting
 + Level 5.6 Maces & Flails
 - Level 3.2 Armour
 - Level 3.2 Shields


You had 3 spell levels left.
You didn't know any spells.
Your spell library was empty.

Dungeon Overview and Level Annotations

Branches:
Dungeon (2/15) Zot: 655

Altars:

Shops:
D:1 ![[*

Annotations:
D:2 Terence


Innate Abilities, Weirdness & Mutations

You passively map a small area around you.
You are easily found by Zot.
You glow in the dark.
You regain HP and MP as you explore.


Message History

* * * LOW HITPOINT WARNING * * *
You feel very sick.
The hobgoblin attacks as it pursues you!
The hobgoblin hits you but does no damage.
Unknown command.
* * * LOW HITPOINT WARNING * * *
You feel very sick.
It was a potion of curing.
You feel better. The goblin hits you but does no damage.
You are poisoned.
You feel very mighty all of a sudden.
You feel very sick. Terence shouts, "Now you die!"
The goblin closely misses you.
Unknown command.
You miss the goblin.
You feel very sick.
The goblin hits you with a +1 dagger of venom.
* * * LOW HITPOINT WARNING * * *
You are lethally poisoned!
You thump the goblin!
You kill the goblin!
* * * LOW HITPOINT WARNING * * *
You feel very sick.
Terence zaps a wand.
The puff of flame misses you.
You barely miss the hobgoblin.
* * * LOW HITPOINT WARNING * * *
You feel very sick.
The hobgoblin hits you but does no damage.
You thump the hobgoblin!
You kill the hobgoblin!
* * * LOW HITPOINT WARNING * * *
You feel sick.
You sock Terence!
Terence is severely wounded.
* * * LOW HITPOINT WARNING * * *
You feel sick. You block Terence's attack. x2
You barely miss Terence.
Terence is severely wounded.
You die...

...., , * .... ### ## ....
.. .. ... ,.. . ** * .......
#####.#####.#. , .. ...#..
..?.......#..# **#.## #....#
*.......†..##.# ...##..#.#
*.........>##.## * #..#..#..
.........w@@..#######..#..#.
############.........#......
#.#######........
#).....##.)..#g.#
##.........#####..
#.........## ##r #.........#
#. #.........# ##
#.....)...#


You could see Terence and a dart slug.

Vanquished Creatures
  Robin (D:2)
  2 dart slugs (D:1)
  4 ball pythons
  2 bats
  An endoplasm (D:1)
  A giant cockroach (D:1)
  12 goblins
  7 hobgoblins
  2 jackals (D:1)
  2 quokkas (D:2)
  3 kobolds
  2 rats (D:1)
39 creatures vanquished.

Notes
Turn   | Place    | Note
-------+----------+-------------------------------------------
     0 | D:1      | lunkers the Meteoran Fighter began the quest for the Orb.
     0 | D:1      | Reached XP level 1. HP: 19/19 MP: 2/2
    14 | D:1      | Found Ruicich's Distillery.
    60 | D:1      | Reached skill level 3 in Maces & Flails
    68 | D:1      | Found Raufaevu's Armour Emporium.
    81 | D:1      | Found Hinofi's Armour Shop.
    89 | D:1      | Reached XP level 2. HP: 26/26 MP: 3/3
   151 | D:1      | Found Icvufa's General Store.
   197 | D:1      | Reached skill level 4 in Maces & Flails
   225 | D:1      | Reached XP level 3. HP: 31/31 MP: 4/4
   320 | D:2      | Noticed Robin
   366 | D:2      | Reached skill level 5 in Maces & Flails
   388 | D:1      | Reached XP level 4. HP: 23/38 MP: 5/5
   424 | D:2      | Killed Robin
   491 | D:2      | Noticed Terence
   511 | D:2      | HP: 1/38 [poisoned by a goblin]
   512 | D:2      | Succumbed to a goblin's poison

Illustrated notes

Levels and vault maps discovered:
D:1:      saegor_arrival_simple_e, layout_rooms, serial_shops,
          nicolae_shop_waterfront, shop, nicolae_shop_trees, shop,
          minmay_surrounded
D:2:      layout_rooms, uniq_terence, uniq_robin

Skill      XL: |  1  2  3 |
---------------+----------+-----
Maces & Flails | 3 4 5 |  5.6
Fighting       | |  3.2
Armour         | |  3.2
Shields        | |  3.2

Action                     |  1- 3 |  4- 6 || total
---------------------------+-------+-------++-------
  Melee: Flail             |   104 |    29 ||   133
    Use: Scroll            |     3 |       ||     3
         Potion            |       |     2 ||     2
 Armour: Scale mail        |    84 |    32 ||   116
  Dodge: Dodged            |    58 |    16 ||    74
  Block: Buckler           |    38 |    17 ||    55

Table legend: (Time is in decaauts)
 A = Elapsed time spent in this place.
 B = Non-inter-level travel time spent in this place.
 C = Inter-level travel time spent in this place.
 D = Time resting spent in this place.
 E = Time spent auto-exploring this place.
 F = Levels seen in this place.
 G = Mean time per level.
                   A        B        C        D        E       F      G
               +--------+--------+--------+--------+--------+-----+--------+
         Total |    544 |    522 |     22 |      2 |    198 |   2 |  272.0 |
       Dungeon |    544 |    522 |     22 |      2 |    198 |   2 |  272.0 |
               +--------+--------+--------+--------+--------+-----+--------+

Top non-repeatable levels by time:
     D:1: 314 daAuts
     D:2: 229 daAuts
